| TOP OF THE 1ST |
|
Brooklyn Cyclones batting - Pitching for Ocean City Blue Crabs : RHP Jamie Brewington
|
|
Pitching: RHP Jamie Brewington
|
|
|
Batting: RHB Onix Concepcion
|
0-0: SINGLE (Groundball, 4MD, EV 103.8 MPH)
|
|
Batting: LHB Ray Giannelli
|
0-0: Swinging Strike 0-1: Ball 1-1: Called Strike 1-2: Foul Ball, location: 2F 1-2: Strikes out swinging
|
|
Batting: RHB Jed Hansen
|
0-0: Foul Ball, location: 2F 0-1: Foul Ball, location: 2F 0-2: Ball 1-2: Ball 2-2: Foul Ball, location: 2F 2-2: Foul Ball, location: 2F 2-2: Foul Ball, location: 2F 2-2: Fly out, F4 (Line Drive, 4, EV 68.8 MPH)
|
|
Batting: SHB Turner Ward
|
0-0: Called Strike 0-1: Ball 1-1: Called Strike 1-2: Ball 2-2: Foul Ball, location: 2F 2-2: Foul Ball, location: 2F 2-2: Strikes out swinging
|
| Top of the 1st over - 0 runs, 1 hit, 0 errors, 1 left on base; Brooklyn 0 - Ocean City 0 |
| BOTTOM OF THE 1ST |
|
Ocean City Blue Crabs batting - Pitching for Brooklyn Cyclones : LHP Matt Perisho
|
|
Pitching: LHP Matt Perisho
|
|
|
Batting: RHB Jarvis Brown
|
0-0: Ball 1-0: Ball 2-0: Fly out, F3 (Popup, 3SF, EV 69.4 MPH)
|
|
Batting: RHB Pat F. Kelly
|
0-0: Ball 1-0: Called Strike 1-1: Foul Ball, location: 2F 1-2: SINGLE (Groundball, 56D, EV 95.6 MPH)
|
|
Batting: SHB Junior Felix
|
0-0: Ball 1-0: Ball 2-0: Ball 3-0: Base on Balls Pat F. Kelly to second
|
|
Batting: LHB Brad Fullmer
|
0-0: Ball 1-0: Called Strike 1-1: Called Strike 1-2: Foul Ball, location: 2F 1-2: Hit by Pitch Pat F. Kelly to third Junior Felix to second
|
|
Batting: RHB Einar Diaz
|
0-0: SINGLE (Groundball, 56D, EV 101.3 MPH) Pat F. Kelly scores Junior Felix to third Brad Fullmer to second
|
|
Batting: LHB Curtis Pride
|
0-0: Fly out, F9 (Flyball, 9S, EV 73.1 MPH)
|
|
Batting: RHB Scott Leius
|
0-0: Ground out 3-1 (Groundball, 34S, EV 89.4 MPH)
|
| Bottom of the 1st over - 1 run, 2 hits, 0 errors, 3 left on base; Brooklyn 0 - Ocean City 1 |
| TOP OF THE 2ND |
|
Brooklyn Cyclones batting - Pitching for Ocean City Blue Crabs : RHP Jamie Brewington
|
|
Batting: RHB Brent Cookson
|
0-0: Ball 1-0: Ball 2-0: Called Strike 2-1: Ground out 1-3 (Groundball, 13, EV 66.9 MPH)
|
|
Batting: LHB Mike A. Bell
|
0-0: Ball 1-0: Swinging Strike 1-1: Ball 2-1: Called Strike 2-2: SOLO HOME RUN (Line Drive, 9D, EV 103.8 MPH), Distance : 358 ft
|
|
Batting: RHB Pedro Castellano
|
0-0: Ball 1-0: Ball 2-0: Swinging Strike 2-1: Swinging Strike 2-2: Ball 3-2: Base on Balls
|
|
Batting: RHB Mike R. Fitzgerald
|
0-0: Foul Ball, location: 2F 0-1: Called Strike 0-2: Ball 1-2: Strikes out swinging
|
|
Batting: RHB Kevin Flora
|
0-0: Foul Ball, location: 2F 0-1: Called Strike 0-2: SINGLE (Groundball, 56D, EV 108.1 MPH) Pedro Castellano to second
|
|
Batting: RHB Onix Concepcion
|
0-0: Ball 1-0: Ball 2-0: Foul Ball, location: 2F 2-1: Swinging Strike 2-2: Foul Ball, location: 2F 2-2: Foul Ball, location: 2F 2-2: Ball 3-2: SINGLE (Line Drive, 34, EV 103.8 MPH) Pedro Castellano to third Kevin Flora to second Pedro Castellano scores Kevin Flora to third
|
|
Batting: LHB Ray Giannelli
|
0-0: Ball 1-0: Foul Ball, location: 2F 1-1: Ball 2-1: Called Strike 2-2: Strikes out swinging
|
| Top of the 2nd over - 2 runs, 3 hits, 0 errors, 2 left on base; Brooklyn 2 - Ocean City 1 |
| BOTTOM OF THE 2ND |
|
Ocean City Blue Crabs batting - Pitching for Brooklyn Cyclones : LHP Matt Perisho
|
|
Batting: RHB Garey Ingram
|
0-0: SINGLE (Groundball, 6MD, EV 103.8 MPH)
|
|
Batting: RHB Manny Alexander
|
0-0: Fly out, F8 (Flyball, 8LM, EV 83.8 MPH)
|
|
Batting: RHB Jarvis Brown
|
0-0: Fly out, F8 (Line Drive, 8RM, EV 111.3 MPH)
|
|
Batting: RHB Pat F. Kelly
|
0-0: Ball 1-0: Ball 2-0: Foul Ball, location: 2F 2-1: Ball 3-1: Foul Ball, location: 2F 3-2: Ground out 6-3 (Groundball, 6, EV 85.6 MPH)
|
| Bottom of the 2nd over - 0 runs, 1 hit, 0 errors, 1 left on base; Brooklyn 2 - Ocean City 1 |
| TOP OF THE 3RD |
|
Brooklyn Cyclones batting - Pitching for Ocean City Blue Crabs : RHP Jamie Brewington
|
|
Batting: RHB Jed Hansen
|
0-0: Ball 1-0: Swinging Strike 1-1: Ball 2-1: Ball 3-1: Base on Balls
|
|
Batting: SHB Turner Ward
|
0-0: Called Strike 0-1: Ball 1-1: Ball 2-1: Called Strike 2-2: Foul Ball, location: 2F 2-2: Foul Ball, location: 2F 2-2: Strikes out swinging
|
|
Batting: RHB Brent Cookson
|
0-0: Ball 1-0: Swinging Strike 1-1: Ball 2-1: Called Strike 2-2: Ball 3-2: Fly out, F4 (Line Drive, 4, EV 71.9 MPH)
|
|
Batting: LHB Mike A. Bell
|
0-0: Foul Ball, location: 2F 0-1: Ground out 4-3 (Groundball, 34, EV 108.8 MPH)
|
| Top of the 3rd over - 0 runs, 0 hits, 0 errors, 1 left on base; Brooklyn 2 - Ocean City 1 |
| BOTTOM OF THE 3RD |
|
Ocean City Blue Crabs batting - Pitching for Brooklyn Cyclones : LHP Matt Perisho
|
|
Batting: SHB Junior Felix
|
0-0: Ball 1-0: Foul Ball, location: 2F 1-1: Ball 2-1: Ball 3-1: Base on Balls
|
|
Batting: LHB Brad Fullmer
|
0-0: Ball 1-0: DOUBLE (Line Drive, 78XD, EV 107.5 MPH) Junior Felix to third
|
|
Pinch Runner at 2nd Pedro Valdes:
|
|
|
Batting: RHB Einar Diaz
|
0-0: Ball 1-0: Ball 2-0: Foul Ball, location: 2F 2-1: SINGLE (Groundball, 6D, EV 96.3 MPH) Junior Felix scores Pedro Valdes to third
|
|
Batting: LHB Curtis Pride
|
0-0: Ball 1-0: Called Strike 1-1: Swinging Strike 1-2: Foul Ball, location: 2F 1-2: Ball 2-2: Ball 3-2: Fielders Choice at 2nd, 5-4 (Groundball, 5, EV 83.1 MPH) Pedro Valdes scores
|
|
Batting: RHB Scott Leius
|
0-0: Ball Curtis Pride is caught stealing 2nd base 2-4 1-0: SINGLE (Groundball, 6D, EV 95.6 MPH)
|
|
Batting: RHB Garey Ingram
|
0-0: Swinging Strike 0-1: Fly out, F7 (Flyball, 78D, EV 93.8 MPH)
|
| Bottom of the 3rd over - 2 runs, 3 hits, 0 errors, 1 left on base; Brooklyn 2 - Ocean City 3 |
| TOP OF THE 4TH |
|
Brooklyn Cyclones batting - Pitching for Ocean City Blue Crabs : RHP Jamie Brewington
|
|
Now at SS: Cheron Farley
|
|
|
Batting: RHB Pedro Castellano
|
0-0: Called Strike 0-1: Ball 1-1: Foul Ball, location: 2F 1-2: Foul Ball, location: 2F 1-2: Foul Ball, location: 2F 1-2: Ground out 3-1 (Groundball, 34S, EV 86.9 MPH)
|
|
Batting: RHB Mike R. Fitzgerald
|
0-0: Fly out, F8 (Flyball, 8LS, EV 91.9 MPH)
|
|
Batting: RHB Kevin Flora
|
0-0: Ground out 1-3 (Groundball, 13, EV 81.3 MPH)
|
| Top of the 4th over - 0 runs, 0 hits, 0 errors, 0 left on base; Brooklyn 2 - Ocean City 3 |
| BOTTOM OF THE 4TH |
|
Ocean City Blue Crabs batting - Pitching for Brooklyn Cyclones : LHP Matt Perisho
|
|
Batting: RHB Manny Alexander
|
0-0: Called Strike 0-1: Ball 1-1: Ball 2-1: SINGLE (Line Drive, 5D, EV 102.5 MPH)
|
|
Batting: RHB Jarvis Brown
|
0-0: Foul Ball, location: 2F 0-1: Ball 1-1: Ball 2-1: SINGLE (Groundball, 6S, EV 83.8 MPH) (infield hit) Manny Alexander to second
|
|
Batting: RHB Pat F. Kelly
|
0-0: Ball 1-0: Called Strike 1-1: Fly out, F7 (Line Drive, 7D, EV 98.8 MPH) Runner from 2nd tags up, SAFE at 3rd with throw by LF
|
|
Pitching: RHP Curt Lyons
|
|
|
Batting: SHB Junior Felix
|
0-0: Fly out, F5 (Popup, 56S, EV 78.1 MPH)
|
|
Batting: RHB Cheron Farley
|
0-0: SINGLE (Flyball, 89S, EV 89.4 MPH) Manny Alexander scores Jarvis Brown to second Runner from 2nd tries for 3rd, SAFE, throw by RF made to third
|
|
Batting: RHB Einar Diaz
|
0-0: Foul Ball, location: 2F 0-1: Hit by Pitch Cheron Farley to second
|
|
Batting: LHB Curtis Pride
|
0-0: Foul Ball, location: 2F 0-1: Called Strike 0-2: Foul Ball, location: 2F 0-2: GRAND SLAM HOME RUN (Flyball, 9LD, EV 95.0 MPH), Distance : 346 ft
|
|
Batting: RHB Scott Leius
|
0-0: Ball 1-0: Ground out 6-3 (Groundball, 6, EV 78.8 MPH)
|
| Bottom of the 4th over - 5 runs, 4 hits, 0 errors, 0 left on base; Brooklyn 2 - Ocean City 8 |
| TOP OF THE 5TH |
|
Brooklyn Cyclones batting - Pitching for Ocean City Blue Crabs : RHP Jamie Brewington
|
|
Batting: RHB Onix Concepcion
|
0-0: Ball 1-0: Fly out, F5 (Popup, 56S, EV 85.0 MPH)
|
|
Batting: LHB Ray Giannelli
|
0-0: Called Strike 0-1: Foul Ball, location: 2F 0-2: Strikes out looking
|
|
Batting: RHB Jed Hansen
|
0-0: Ball 1-0: Fly out, F8 (Flyball, 8LD, EV 93.8 MPH)
|
| Top of the 5th over - 0 runs, 0 hits, 0 errors, 0 left on base; Brooklyn 2 - Ocean City 8 |
| BOTTOM OF THE 5TH |
|
Ocean City Blue Crabs batting - Pitching for Brooklyn Cyclones : RHP Curt Lyons
|
|
Batting: RHB Garey Ingram
|
0-0: Ball 1-0: Called Strike 1-1: Foul Ball, location: 2F 1-2: Strikes out swinging, 2-3 out at first.
|
|
Batting: RHB Manny Alexander
|
0-0: Ball 1-0: Ball 2-0: Ball 3-0: Base on Balls
|
|
Batting: RHB Jarvis Brown
|
0-0: Foul Ball, location: 2F 0-1: Called Strike 0-2: Ball 1-2: Ball 2-2: Ball 3-2: 2-RUN HOME RUN (Flyball, 7LD, EV 88.8 MPH), Distance : 345 ft
|
|
Pitching: RHP Steve Reed
|
|
|
Batting: RHB Pat F. Kelly
|
0-0: Ball 1-0: SINGLE (Flyball, 89S, EV 88.8 MPH)
|
|
Batting: SHB Junior Felix
|
0-0: Ball 1-0: Ball 2-0: SINGLE (Groundball, 5D, EV 97.5 MPH) Pat F. Kelly to second
|
|
Batting: RHB Cheron Farley
|
0-0: Called Strike 0-1: Foul Ball, location: 2F 0-2: Ball 1-2: Foul Ball, location: 2F 1-2: Ball 2-2: Ball 3-2: SINGLE (Flyball, 56D, EV 88.1 MPH) Pat F. Kelly to third Junior Felix to second
|
|
Batting: RHB Einar Diaz
|
0-0: Ball 1-0: Foul Ball, location: 2F 1-1: Ball 2-1: Swinging Strike 2-2: Foul Ball, location: 2F 2-2: Ball 3-2: SINGLE (Groundball, 56D, EV 105.0 MPH) Pat F. Kelly scores Junior Felix to third Cheron Farley to second
|
|
Pitching: RHP Todd Erdos
|
|
|
Batting: LHB Curtis Pride
|
0-0: Ball Wild Pitch! Junior Felix scores Cheron Farley to third Einar Diaz to second 1-0: Called Strike 1-1: Foul Ball, location: 2F 1-2: SINGLE (Groundball, 56D, EV 98.1 MPH) Cheron Farley scores Einar Diaz to third Runner from 3rd tries for Home, SAFE, no throw by LF
|
|
Batting: RHB Scott Leius
|
0-0: Ball 1-0: Ball 2-0: Ball 3-0: Called Strike 3-1: Base on Balls Curtis Pride to second
|
|
Batting: RHB Garey Ingram
|
0-0: Called Strike 0-1: Ball 1-1: Ball 2-1: Foul Ball, location: 2F 2-2: Strikes out looking
|
|
Batting: RHB Manny Alexander
|
0-0: Foul Ball, location: 2F 0-1: Ball 1-1: SINGLE (Line Drive, 9S, EV 111.3 MPH) Curtis Pride to third Scott Leius to second
|
|
Batting: RHB Jarvis Brown
|
0-0: Ball 1-0: Foul Ball, location: 2F 1-1: Fielders Choice at 2nd, 6-4 (Groundball, 6, EV 85.6 MPH)
|
| Bottom of the 5th over - 6 runs, 7 hits, 0 errors, 3 left on base; Brooklyn 2 - Ocean City 14 |
| TOP OF THE 6TH |
|
Brooklyn Cyclones batting - Pitching for Ocean City Blue Crabs : RHP Jamie Brewington
|
|
Batting: SHB Turner Ward
|
0-0: Called Strike 0-1: Ball 1-1: Foul Ball, location: 2F 1-2: Ball 2-2: Ball 3-2: Ground out 6-3 (Groundball, 6, EV 88.8 MPH)
|
|
Batting: RHB Brent Cookson
|
0-0: Ball 1-0: Ground out 5-3 (Groundball, 5, EV 87.5 MPH)
|
|
Batting: LHB Mike A. Bell
|
0-0: Ball 1-0: Called Strike 1-1: Ball 2-1: SINGLE (Groundball, 4MD, EV 101.3 MPH)
|
|
Batting: RHB Pedro Castellano
|
0-0: Ball 1-0: Ball 2-0: Ground out 6-3 (Groundball, 6, EV 90.0 MPH)
|
| Top of the 6th over - 0 runs, 1 hit, 0 errors, 1 left on base; Brooklyn 2 - Ocean City 14 |
| BOTTOM OF THE 6TH |
|
Ocean City Blue Crabs batting - Pitching for Brooklyn Cyclones : RHP Todd Erdos
|
|
Pitching: RHP Mike Glendenning
|
|
|
Batting: RHB Pat F. Kelly
|
0-0: Called Strike 0-1: Swinging Strike 0-2: Ball 1-2: Ball 2-2: Foul Ball, location: 2F 2-2: Foul Ball, location: 2F 2-2: Foul Ball, location: 2F 2-2: Strikes out swinging
|
|
Batting: SHB Junior Felix
|
0-0: Ball 1-0: Swinging Strike 1-1: Foul Ball, location: 2F 1-2: Foul Ball, location: 2F 1-2: Ball 2-2: Strikes out swinging
|
|
Batting: RHB Cheron Farley
|
0-0: Ball 1-0: SINGLE (Line Drive, 4MD, EV 98.8 MPH)
|
|
Batting: RHB Einar Diaz
|
0-0: Foul Ball, location: 2F 0-1: Ball 1-1: SINGLE (Groundball, 6, EV 80.6 MPH) (infield hit) Cheron Farley to second
|
|
Batting: LHB Curtis Pride
|
0-0: Fly out, F9 (Flyball, 9LSF, EV 75.6 MPH)
|
| Bottom of the 6th over - 0 runs, 2 hits, 0 errors, 2 left on base; Brooklyn 2 - Ocean City 14 |
| TOP OF THE 7TH |
|
Brooklyn Cyclones batting - Pitching for Ocean City Blue Crabs : RHP Jamie Brewington
|
|
Batting: RHB Mike R. Fitzgerald
|
0-0: Called Strike 0-1: Ball 1-1: Swinging Strike 1-2: Ball 2-2: Ball 3-2: Strikes out looking
|
|
Batting: RHB Kevin Flora
|
0-0: Ball 1-0: Ball 2-0: Called Strike 2-1: Called Strike 2-2: Ball 3-2: Base on Balls
|
|
Pitching: RHP Rafael Carmona
|
|
|
Batting: RHB Onix Concepcion
|
0-0: Ball 1-0: Ball Kevin Flora steals 2nd base (no throw) 2-0: Swinging Strike 2-1: Foul Ball, location: 2F 2-2: Ball 3-2: Fly out, F2 (Popup, 2LF, EV 98.1 MPH)
|
|
Batting: LHB Ray Giannelli
|
0-0: Ball 1-0: Ball 2-0: Called Strike 2-1: Ground out 1-3 (Groundball, 13, EV 86.3 MPH)
|
| Top of the 7th over - 0 runs, 0 hits, 0 errors, 1 left on base; Brooklyn 2 - Ocean City 14 |
| BOTTOM OF THE 7TH |
|
Ocean City Blue Crabs batting - Pitching for Brooklyn Cyclones : RHP Mike Glendenning
|
|
Batting: RHB Scott Leius
|
0-0: Swinging Strike 0-1: Ball 1-1: Foul Ball, location: 2F 1-2: Ball 2-2: Ball 3-2: Foul Ball, location: 2F 3-2: Base on Balls
|
|
Batting: RHB Garey Ingram
|
0-0: Swinging Strike 0-1: Ball 1-1: Grounds into double play, 3-6-3 (Groundball, 34, EV 96.3 MPH)
|
|
Pinch Hitting: SHB Giomar Guevara
|
0-0: Ball 1-0: Foul Ball, location: 2F 1-1: Ball 2-1: Called Strike 2-2: Foul Ball, location: 2F 2-2: Ball 3-2: Ground out 4-3 (Groundball, 4M, EV 81.3 MPH)
|
| Bottom of the 7th over - 0 runs, 0 hits, 0 errors, 0 left on base; Brooklyn 2 - Ocean City 14 |
| TOP OF THE 8TH |
|
Brooklyn Cyclones batting - Pitching for Ocean City Blue Crabs : RHP Rafael Carmona
|
|
Now at 2B: Giomar Guevara
|
|
|
Batting: RHB Jed Hansen
|
0-0: Swinging Strike 0-1: SINGLE (Flyball, 7LS, EV 93.1 MPH)
|
|
Batting: SHB Turner Ward
|
0-0: Ball 1-0: Swinging Strike 1-1: Foul Ball, location: 2F 1-2: Foul Ball, location: 2F 1-2: Fielders Choice at 2nd, 2-4 (Groundball, 15S, EV 70.0 MPH)
|
|
Batting: RHB Brent Cookson
|
0-0: Called Strike 0-1: Foul Ball, location: 2F 0-2: Ball 1-2: Ball 2-2: Ball 3-2: Strikes out swinging
|
|
Batting: LHB Mike A. Bell
|
0-0: Ball 1-0: Foul Ball, location: 2F 1-1: Foul Ball, location: 2F 1-2: Foul Ball, location: 2F 1-2: Fly out, F7 (Flyball, 7LM, EV 106.9 MPH)
|
| Top of the 8th over - 0 runs, 1 hit, 0 errors, 1 left on base; Brooklyn 2 - Ocean City 14 |
| BOTTOM OF THE 8TH |
|
Ocean City Blue Crabs batting - Pitching for Brooklyn Cyclones : RHP Mike Glendenning
|
|
Pinch Hitting: RHB Ryan Long
|
0-0: Ball 1-0: Ball 2-0: Ball 3-0: Base on Balls
|
|
Batting: RHB Pat F. Kelly
|
0-0: Ball 1-0: Foul Ball, location: 2F 1-1: Called Strike 1-2: Ball Wild Pitch! Ryan Long to second 2-2: Ball 3-2: Base on Balls
|
|
Pitching: RHP Tim Belk
|
|
|
Batting: SHB Junior Felix
|
0-0: Ball 1-0: Foul Ball, location: 2F 1-1: Called Strike 1-2: Foul Ball, location: 2F 1-2: Fly out, F7 (Flyball, 7S, EV 92.5 MPH)
|
|
Batting: RHB Cheron Farley
|
0-0: Ball Wild Pitch! Ryan Long to third Pat F. Kelly to second 1-0: Ball 2-0: Ball 3-0: Called Strike 3-1: SINGLE (Groundball, 15S, EV 66.9 MPH) (infield hit)
|
|
Pinch Runner at 1st Julio Peguero:
|
|
|
Batting: RHB Einar Diaz
|
0-0: Ball 1-0: Called Strike 1-1: Ball 2-1: Foul Ball, location: 2F 2-2: Ball 3-2: Foul Ball, location: 2F 3-2: Strikes out looking
|
|
Batting: LHB Curtis Pride
|
0-0: Ball 1-0: Ball 2-0: Ball 3-0: Base on Balls Ryan Long scores Pat F. Kelly to third Julio Peguero to second
|
|
Batting: RHB Scott Leius
|
0-0: Ground out 1-3 (Groundball, 34S, EV 85.6 MPH)
|
| Bottom of the 8th over - 1 run, 1 hit, 0 errors, 3 left on base; Brooklyn 2 - Ocean City 15 |
| TOP OF THE 9TH |
|
Brooklyn Cyclones batting - Pitching for Ocean City Blue Crabs : RHP Rafael Carmona
|
|
Now at 1B: Ryan Long
|
|
|
Now in CF: Julio Peguero
|
|
|
Batting: RHB Pedro Castellano
|
0-0: Swinging Strike 0-1: Foul Ball, location: 2F 0-2: Strikes out swinging
|
|
Batting: RHB Mike R. Fitzgerald
|
0-0: Foul Ball, location: 2F 0-1: Ball 1-1: Called Strike 1-2: Foul Ball, location: 2F 1-2: Foul Ball, location: 2F 1-2: Ground out 6-3 (Groundball, 6, EV 81.9 MPH)
|
|
Batting: RHB Kevin Flora
|
0-0: Ground out U3 (Groundball, 34, EV 85.0 MPH)
|
| Top of the 9th over - 0 runs, 0 hits, 0 errors, 0 left on base; Brooklyn 2 - Ocean City 15 |
|